 Dungeon Crawl Stone Soup version 0.28.0 (webtiles) character file.

Game seed: 16540280802427521076

249 boopmooplesden the Twirler (level 5, 0/46 HPs)
             Began as a Minotaur Gladiator on Feb 10, 2022.
             Was an Initiate of Okawaru.
             Succumbed to Dowan's poison
             ... on level 4 of the Dungeon.
             The game lasted 00:04:40 (2292 turns).

boopmooplesden the Twirler (Minotaur Gladiator)     Turns: 2292, Time: 00:04:41

Health: 0/46       AC:  5    Str: 20    XL:     5   Next: 87%
Magic:  4/4        EV: 13    Int:  5    God:    Okawaru [......]
Gold:   107        SH:  0    Dex: 12    Spells: 4/4 levels left

rFire   . . .      SeeInvis .   a - +0 quarterstaff
rCold   . . .      Faith    .   (shield currently unavailable)
rNeg    . . .      Spirit   .   b - +0 leather armour
rPois   .          Reflect  .   c - +1 hat
rElec   .          Harm     .   (no cloak)
rCorr   .          Rampage  .   (no gloves)
Will    .....      Rage     1%  m - +0 pair of boots
Stlth   +.........              (no amulet)
HPRegen 0.15/turn               (no ring)
MPRegen 0.09/turn               (no ring)

@: lethally poisoned (0 -> -12)
A: horns 2, retaliatory headbutt, berserk 1, mutation resistance 1
a: Renounce Religion


You were on level 4 of the Dungeon.
You worshipped Okawaru.
Okawaru was noncommittal.
You visited 2 branches of the dungeon, and saw 5 of its levels.

You collected 107 gold pieces.

Inventory:

Hand Weapons
 a - a +0 quarterstaff (weapon)
Missiles
 k - 3 poisoned darts (quivered)
Armour
 b - a +0 leather armour (worn)
 c - a +1 hat (worn)
 m - a +0 pair of boots (worn)
Jewellery
 p - a ring of positive energy
Scrolls
 e - 2 scrolls of fog
 g - 2 scrolls of identify
 i - a scroll of blinking {unknown}
 l - a scroll of enchant armour
 o - a scroll of silence {unknown}
 q - a scroll of amnesia {unknown}
Potions
 f - a potion of experience {unknown}
 h - a potion of haste {unknown}
 n - a potion of mutation


   Skills:
 + Level 3.8 Fighting
 + Level 5.7 Staves
 + Level 2.0 Throwing
 + Level 3.1 Armour
 + Level 4.1 Dodging
 + Level 0.3 Stealth


You had 4 spell levels left.
You didn't know any spells.
Your spell library contained the following spells:

 Spells                   Type           Power      Damage    Failure   Level
 Static Discharge         Conj/Air       0%         N/A       67%         2
 Lightning Bolt           Conj/Air       0%         1d11      100%        5
 Maxwell's Capacitive Co  Air            0%         ∞         100%        8
 Summon Small Mammal      Summ           Unusable   N/A       N/A         1
 Call Canine Familiar     Summ           Unusable   N/A       N/A         3
 Summon Guardian Golem    Hex/Summ       Unusable   N/A       N/A         3

Dungeon Overview and Level Annotations

Branches:
Dungeon (4/15)             Temple (1/1) D:4

Altars:
Ashenzari
Cheibriados
Elyvilon
Gozag
Hepliaklqana
Makhleb
Nemelex Xobeh
Okawaru
Qazlal
Ru
Sif Muna
Trog
Uskayaw
Wu Jian
Xom
Yredelemnul

Annotations:
D:4 Dowan


Innate Abilities, Weirdness & Mutations

You have a pair of horns on your head.
You reflexively headbutt those who attack you in melee.
You tend to lose your temper in combat.
You are somewhat resistant to further mutation.


Message History

Dowan hits you but does no damage.
You are poisoned.
Throw: 4 darts (poison)
Press: ? - help, Q - select action Shift-Dir - straight line, f/p - Dowan
Aim: Dowan, wielding a +0 dagger of venom and wearing a +0 robe (fast, 48% to hit)
You throw a poisoned dart. The poisoned dart closely misses Dowan.
You feel sick. Dowan closely misses you.
You miss Dowan.
You feel sick.
Dowan hits you with a +0 dagger of venom.
* * * LOW HITPOINT WARNING * * *
You are lethally poisoned!
You miss Dowan.
* * * LOW HITPOINT WARNING * * *
You feel very sick. Dowan hits you but does no damage.
You are more poisoned.
Dowan closely misses you. You furiously retaliate!
You headbutt Dowan. You hit Dowan.
Dowan is lightly wounded.
* * * LOW HITPOINT WARNING * * *
You feel very sick. Dowan hits you but does no damage.
You feel better. Dowan barely misses you. You furiously retaliate!
You headbutt Dowan, but do no damage. Dowan casts a spell at you.
The shard of ice hits you but does no damage.
You completely miss Dowan. Your headbutt misses Dowan.
Dowan is lightly wounded.
Dowan gestures at you while chanting. The stone arrow hits you.
* * * LOW HITPOINT WARNING * * *
You sock Dowan!
Dowan is severely wounded.
Dowan hits you with a +0 dagger of venom.
* * * LOW HITPOINT WARNING * * *
You are lethally poisoned!
Dowan closely misses you. You furiously retaliate!
You headbutt Dowan!
It was a potion of mutation.
You feel extremely strange.
You feel genetically stable.
You feel a little pissed off.
You die...

# #####.##.##.... ..
#..##.##.<.# ...
#..##.##.#.. ..e.
#...........
.....########..##.######
..?....(.......##.#
######...........#
#e########### #@# #.#
........# #########


You could see Dowan (fast).

Vanquished Creatures
  Duvessa (D:4)
  An ogre (D:3)
  An adder (D:3)
  2 worms (D:2)
  4 dart slugs
  7 ball pythons
  5 endoplasms
  3 hobgoblins
  A frilled lizard (D:1)
  5 goblins
  6 kobolds
  2 rats
38 creatures vanquished.

Notes
Turn   | Place    | Note
-------+----------+-------------------------------------------
     0 | D:1      | boopmooplesden the Minotaur Gladiator began the quest for
                  | the Orb.
     0 | D:1      | Reached XP level 1. HP: 18/18 MP: 0/0
   356 | D:1      | Reached XP level 2. HP: 25/25 MP: 1/1
   798 | D:2      | Reached skill level 4 in Staves
  1053 | D:2      | Reached XP level 3. HP: 31/31 MP: 2/2
  1622 | D:3      | Noticed an ogre
  1630 | D:3      | Killed an ogre
  1631 | D:3      | Reached XP level 4. HP: 38/38 MP: 3/3
  1723 | D:3      | Reached XP level 5. HP: 33/45 MP: 4/4
  2115 | D:4      | Reached skill level 5 in Staves
  2127 | D:4      | Found a staircase to the Ecumenical Temple.
  2133 | Temple   | Entered the Ecumenical Temple
  2217 | Temple   | Became a worshipper of Warmaster Okawaru
  2267 | D:4      | Noticed Duvessa
  2268 | D:4      | Noticed Dowan
  2283 | D:4      | Killed Duvessa
  2291 | D:4      | HP: 2/46 [Dowan (2)]
  2292 | D:4      | Gained mutation: You are somewhat resistant to further
                  | mutation. [potion of mutation]
  2292 | D:4      | Gained mutation: You tend to lose your temper in combat.
                  | [potion of mutation]
  2292 | D:4      | Succumbed to Dowan's poison

Illustrated notes

Levels and vault maps discovered:
D:1:      wander_arrival_desolate, layout_rooms
D:2:      layout_rooms, kennysheep_generic_room_4
D:3:      layout_rooms, amethyst_killhole
D:4:      layout_loops_ring, minmay_temple_entry_enclosed_plants, uniq_duvessa
Temple:   regret_index_temple_sphere_string

Skill      XL: |  1  2  3  4  5 |
---------------+----------------+-----
Staves         | 4 5 |  5.7
Fighting       | 3 |  3.8
Armour         | 2 3 |  3.1
Dodging        | 4 |  4.1
Throwing       | |  2.0
Stealth        | |  0.3

Action                   |  1- 3 |  4- 6 || total
-------------------------+-------+-------++-------
Melee: Quarterstaff      |    63 |    25 ||    88
       Headbutt          |    10 |     1 ||    11
Throw: Throwing net      |     1 |     2 ||     3
       Dart              |       |     1 ||     1
  Use: Scroll            |     3 |       ||     3
       Potion            |     1 |     2 ||     3
Armor: Leather armour    |    22 |     4 ||    26
Dodge: Dodged            |    45 |    10 ||    55
